 Dungeon Crawl Stone Soup version 0.21.1-1-g345015f (webtiles) character file.

4542 tev the Cleaver (level 10, -8/76 HPs)
             Began as a Demonspawn Berserker on July 31, 2018.
             Was a High Priest of Trog.
             Mangled by a death yak (15 damage)
             ... on level 9 of the Dungeon.
             The game lasted 00:36:22 (9010 turns).

tev the Cleaver (Demonspawn Berserker)              Turns: 9010, Time: 00:36:23

Health: -8/76      AC: 10    Str: 20    XL:     10   Next: 17%
Magic:  10/10      EV: 14    Int:  9    God:    Trog [*****.]
Gold:   504        SH:  0    Dex: 13    Spells: 9/9 levels left

rFire    + . .     SeeInvis .   B - +4 battleaxe
rCold    + . .     Gourm    .   (shield currently unavailable)
rNeg     . . .     Faith    .   F - +3 leather armour {rC+}
rPois    .         Spirit   .   (no helmet)
rElec    .         Reflect  .   (no cloak)
rCorr    .         Harm     .   (no gloves)
MR       ++...                  (no boots)
Stlth    +++.......             (no amulet)
HPRegen  1.22/turn              n - ring of protection from fire
MPRegen  0.12/turn              f - +4 ring of protection

@: berserk cooldown, regenerating, slowed, very slow
A: nightstalker 2, sturdy frame 3
a: Berserk, Trog's Hand, Brothers in Arms, Burn Spellbooks, Renounce Religion


You were on level 9 of the Dungeon.
You worshipped Trog.
Trog was extremely pleased with you.
You were very hungry.

You visited 1 branch of the dungeon, and saw 9 of its levels.
You also visited: Sewer.

You collected 504 gold pieces.

Inventory:

Hand Weapons
 B - a +4 battleaxe (weapon)
Armour
 v - a +1 shield
 F - a +3 leather armour of cold resistance (worn)
Jewellery
 f - a +4 ring of protection (right hand)
 n - a ring of protection from fire (left hand)
 A - an uncursed ring of protection from fire
Scrolls
 a - a scroll of fog
 b - a scroll of noise
 h - a scroll of random uselessness
 j - a scroll of blinking
 k - a scroll of teleportation
 r - 8 scrolls of identify
 C - a scroll of holy word
Potions
 g - 5 potions of haste {unknown}
 l - 3 potions of flight {unknown}
 m - 3 potions of agility {unknown}
 o - a potion of degeneration {unknown}
 q - a potion of lignification {unknown}
 s - 3 potions of curing {unknown}
 t - a potion of cancellation {unknown}
 w - a potion of heal wounds {unknown}
 x - a potion of brilliance {unknown}
 z - a potion of invisibility {unknown}
 E - 2 potions of might {unknown}
Comestibles
 c - 10 rations


   Skills:
 + Level 6.0 Fighting
 * Level 11.4 Axes
 + Level 4.6 Armour
 + Level 4.1 Dodging
 - Level 1.5 Shields


You had 9 spell levels left.
You didn't know any spells.

Dungeon Overview and Level Annotations

Branches:
Dungeon (9/15)             Temple (0/1) D:4            Lair (0/6) D:9
    Orc: D:9-12

Altars:
Fedhas
Makhleb
Okawaru
Ru
Sif Muna
Wu Jian

Shops:
D:5 %


Innate Abilities, Weirdness & Mutations

You are significantly more attuned to the shadows.
Your movements are significantly less encumbered by armour. (ER -6)


Message History

You are no longer berserk.
You are exhausted.
You feel yourself slow down.
The death yak bellows!
The death yak closely misses you. x3
A bullfrog comes into view.
The death yak gores you!! The death yak gores you. The death yak gores you!!
* * * LOW HITPOINT WARNING * * *
Okay, then.
Okay, then.
The death yak barely misses you. The death yak gores you!
* * * LOW HITPOINT WARNING * * *
The death yak misses you.
Your skin crawls.
You feel resistant to hostile enchantments.
You are feeling very hungry.
The death yak completely misses you. The death yak gores you!
You die...

......<. ........ ..######
#....# ..#..... ..#....#.#
..'..... ..#....#.#
..#..... #.#....#.+
..#..... #.#....#.####.#
..####### #.##'###....#.#
........####...Y@YF....'..
............>###YY........
.............# #..........
.............# #..........
.............# #......=...
.............# #..........
...........# #..........
#....>..... ...........


You could see 4 death yaks and a bullfrog.

Vanquished Creatures
  A two-headed ogre (D:8)
  2 death yaks (D:9)
  Pikel (D:8)
  Duvessa (D:7)
  2 slaves (D:8)
  A phantom (D:6)
  3 centaurs
  An ogre (D:6)
  2 bullfrogs
  A scorpion (D:4)
  A water moccasin skeleton (D:8)
  Dowan (D:7)
  8 wights
  A howler monkey (D:6)
  2 crimson imps
  A bullfrog skeleton (D:6)
  3 hounds
  A centaur skeleton (D:4)
  5 orc priests
  3 orc wizards
  2 iguanas
  7 worker ants
  2 killer bee zombies
  A hound zombie (D:5)
  2 hound skeletons
  A howler monkey skeleton (D:4)
  11 adders
  4 gnolls (D:3)
  A shadow imp (D:5)
  2 adder skeletons
  3 worms
  8 leopard geckos
  24 orcs
  9 giant cockroaches
  8 goblins
  14 hobgoblins
  11 jackals
  8 kobolds
  3 quokkas
  4 ball pythons
  16 bats
  4 frilled lizards
  7 rats
193 creatures vanquished.

Vanquished Creatures (others)
  A quokka (D:8)
1 creature vanquished.

Grand Total: 194 creatures vanquished

Notes
Turn   | Place    | Note
-------+----------+-------------------------------------------
     0 | D:1      | tev the Demonspawn Berserker began the quest for the Orb.
     0 | D:1      | Reached XP level 1. HP: 18/18 MP: 1/1
   409 | D:1      | Reached skill level 3 in Axes
   433 | D:1      | Gained mutation: You are slightly more attuned to the shadows. [demonic ancestry]
   433 | D:1      | Reached XP level 2. HP: 20/24 MP: 2/2
  1439 | D:2      | Gained mutation: You are significantly more attuned to the shadows. [demonic ancestry]
  1439 | D:2      | Reached XP level 3. HP: 13/29 MP: 3/3
  1803 | D:2      | Reached ** piety under Trog
  1887 | D:2      | Reached skill level 4 in Axes
  1940 | D:2      | Found an ornate altar of the Wu Jian Council.
  2053 | D:2      | Reached XP level 4. HP: 35/35 MP: 4/4
  2561 | D:3      | Gained mutation: Your movements are slightly less encumbered by armour. (ER -2) [demonic ancestry]
  2561 | D:3      | Reached XP level 5. HP: 40/41 MP: 5/5
  2739 | D:3      | Found a glowing drain.
  2745 | Sewer    | Entered a sewer
  2762 | Sewer    | Reached *** piety under Trog
  3101 | D:3      | Reached skill level 5 in Axes
  3466 | D:4      | Gained mutation: Your movements are less encumbered by armour. (ER -4) [demonic ancestry]
  3466 | D:4      | Reached XP level 6. HP: 37/47 MP: 6/6
  3918 | D:4      | Reached skill level 6 in Axes
  4215 | D:4      | Reached **** piety under Trog
  4274 | D:4      | Reached XP level 7. HP: 28/53 MP: 7/7
  4881 | D:4      | Found a staircase to the Ecumenical Temple.
  4935 | D:5      | Entered Level 5 of the Dungeon
  5054 | D:5      | Found Garif's Food Shop.
  5492 | D:6      | Reached skill level 7 in Axes
  5524 | D:5      | HP: 2/54 [poisoned by a worker ant]
  5977 | D:6      | Reached skill level 1 in Shields
  5977 | D:6      | Reached XP level 8. HP: 60/60 MP: 8/8
  6175 | D:6      | Reached skill level 8 in Axes
  6494 | D:7      | Found a blossoming altar of Fedhas.
  6610 | D:7      | Found a sacrificial altar of Ru.
  6730 | D:7      | Found a deep blue altar of Sif Muna.
  6732 | D:7      | Found an iron altar of Okawaru.
  6734 | D:7      | Found a burning altar of Makhleb.
  6792 | D:7      | Reached ***** piety under Trog
  6987 | D:7      | Received a gift from Trog
  7016 | D:7      | Noticed Duvessa
  7016 | D:7      | Noticed Dowan
  7023 | D:7      | Killed Dowan
  7026 | D:7      | Killed Duvessa
  7660 | D:8      | Reached skill level 5 in Fighting
  7686 | D:8      | Reached skill level 9 in Axes
  7727 | D:8      | Reached XP level 9. HP: 56/68 MP: 9/9
  8019 | D:8      | Noticed Pikel
  8031 | D:8      | Killed Pikel
  8102 | D:8      | Noticed a two-headed ogre
  8115 | D:8      | Killed a two-headed ogre
  8115 | D:8      | Reached skill level 10 in Axes
  8687 | D:9      | Noticed a death yak
  8701 | D:9      | Killed a death yak
  8701 | D:9      | Reached skill level 11 in Axes
  8701 | D:9      | Gained mutation: Your movements are significantly less encumbered by armour. (ER -6) [demonic ancestry]
  8701 | D:9      | Reached XP level 10. HP: 17/76 MP: 10/10
  8987 | D:9      | Noticed a death yak
  9000 | D:9      | Killed a death yak
  9003 | D:9      | Noticed a death yak
  9003 | D:9      | Found a staircase to the Lair.
  9003 | D:9      | Noticed a death yak
  9003 | D:9      | Noticed a death yak
  9004 | D:9      | Noticed a death yak
  9010 | D:9      | Mangled by a death yak

Skill      XL: |  1  2  3  4  5  6  7  8  9 10 |
---------------+-------------------------------+-----
Axes           | 3 4 5 6 7 9 11 | 11.4
Dodging        | 2 3 4 |  4.1
Armour         | 2 3 4 |  4.6
Fighting       | 4 5 6 |  6.0
Shields        | 1 |  1.5

Action                   |  1- 3 |  4- 6 |  7- 9 | 10-12 || total
-------------------------+-------+-------+-------+-------++-------
Melee: Hand axe          |   127 |   257 |   124 |       ||   508
       Battleaxe         |       |       |   144 |     7 ||   151
Invok: Berserk           |       |       |    10 |     1 ||    11
       Trog's Hand       |       |       |     1 |     1 ||     2
  Use: Scroll            |       |       |    12 |       ||    12
 Stab: Sleeping          |    12 |    12 |     8 |       ||    32
       Distracted        |       |     1 |       |       ||     1
       Paralysed         |       |       |     2 |       ||     2
  Eat: Chunk             |     3 |     8 |    13 |     2 ||    26
       Ration            |       |       |     3 |       ||     3
Armor: Animal skin       |    33 |       |       |       ||    33
       Ring mail         |     6 |    69 |     4 |       ||    79
       Scale mail        |       |       |    39 |       ||    39
       Leather armour    |       |       |    34 |       ||    34
Dodge: Dodged            |    90 |   173 |   141 |    10 ||   414
Block: Shield            |       |       |    37 |       ||    37
